AoeStats
← QQMORE

Arabia

510449014Analyzed
3v3 RM · 1d ago on Oct 1, 2026· 32m 7s· 6 players
Game mode
Random Map
Map size
Normal (6 player)
Population
200
Speed
Normal
Resources
Standard
Victory
Conquest
Starting age
Dark Age
Ending age
Imperial Age
RankedLock teamsTeams togetherTeam positionsShared explorationLock speedFull tech treeHidden civsTurbo modeCheats
Victory
Defeat
🇺🇸 Japanese · United States
1130
+11
🇷🇺 Mongols · Russia
1062
+14
🇨🇦 Bohemians · Canada
931
+20
🇨🇱 Turks · Chile
1038
-16
🇨🇱 Bohemians · Chile
1016
-15
🇨🇱 Vietnamese · Chile
1000
-14
MA
1:18 Loom
11:57 Feudal Age
13:19 Double-Bit Axe
16:04 Scale Barding Armor
17:13 Forging
23:19 Castle Age
21:42 Scale Mail Armor
21:40 Fletching
21:42 Horse Collar
25:27 Bow Saw
28:40 Chemistry
oogaboogawherdayat
0:29 Loom
11:44 Feudal Age
12:54 Town Watch
13:47 Wheelbarrow
13:26 Double-Bit Axe
13:23 Horse Collar
20:46 Castle Age
20:58 Fletching
23:32 Bow Saw
24:18 Hand Cart
26:00 Scale Mail Armor
27:17 Forging
30:08 Masonry
30:00 Bodkin Arrow
Tog Rulgay
8:05 Loom
9:57 Feudal Age
16:32 Castle Age
16:39 Bloodlines
17:15 Double-Bit Axe
17:12 Horse Collar
21:05 Scale Barding Armor
21:11 Forging
21:37 Husbandry
24:33 Chain Barding Armor
26:36 Iron Casting
27:22 Wheelbarrow
29:38 Gold Mining
29:39 Stone Mining
31:36 Heavy Plow
32:24 Fletching
QQMORE
4:57 Loom
9:53 Feudal Age
11:25 Double-Bit Axe
11:43 Horse Collar
13:36 Bloodlines
16:32 Scale Barding Armor
18:54 Forging
25:05 Castle Age
26:35 Wheelbarrow
25:57 Fletching
26:07 Padded Archer Armor
26:26 Husbandry
26:21 Gold Mining
26:42 Bow Saw
Franji
11:28 Feudal Age
11:56 Town Watch
12:03 Double-Bit Axe
13:47 Wheelbarrow
21:08 Castle Age
22:45 Hand Cart
22:30 Town Patrol
22:18 Horse Collar
23:55 Bow Saw
23:58 Forging
23:48 Scale Mail Armor
23:49 Padded Archer Armor
23:39 Fletching
26:23 Heavy Plow
28:35 Chemistry
27:55 Ballistics
27:46 Fortified Wall
28:07 Ballistics
30:06 Iron Casting
29:47 Chain Mail Armor
29:28 Bodkin Arrow
30:36 Leather Archer Armor
Jadecito
9:30 Loom
12:20 Feudal Age
18:36 Castle Age
19:59 Fletching
Connection lost

Rejoining the realm…

Still unreachable

The connection could not be restored.

Session expired

The server has moved on; the page needs a fresh start.